 Dungeon Crawl Stone Soup version 0.19.5 (webtiles) character file.

127005 ghjk the Executioner (level 16, 0/152 HPs)
             Began as a Minotaur Fighter on Apr 29, 2017.
             Was the Champion of Okawaru.
             Killed from afar by a hell hound (13 damage)
             ... with a blast of flame
             ... led by Azrael
             ... on level 2 of the Snake Pit.
             The game lasted 00:47:47 (30639 turns).

ghjk the Executioner (Minotaur Fighter)            Turns: 30639, Time: 00:47:48

Health: 0/152      AC: 24    Str: 33    XL:     16   Next: 45%
Magic:  16/16      EV: 10    Int:  5    God:    Okawaru [******]
Gold:   2555       SH:  5    Dex: 10    Spells: 0 memorised, 15 levels left

rFire  . . .     SeeInvis .     D - +1 battleaxe (flame)
rCold  + . .     Gourm    .     a - +2 plate armour {rC+}
rNeg   . . .     Faith    .     (shield currently unavailable)
rPois  .         Spirit   .     J - +0 hat
rElec  .         Reflect  +     V - +0 cloak
rCorr  .         Harm     .     H - +2 pair of gloves
MR     +....                    (no boots)
Stlth  ..........               y - +5 amulet of reflection
                                P - ring of flight
                                B - +5 ring of strength

@: no status effects
A: retaliatory headbutt, horns 2
a: Heroism, Finesse, Renounce Religion, Evoke Flight


You were on level 2 of the Snake Pit.
You worshipped Okawaru.
Okawaru was exalted by your worship.
You were near starving.

You visited 5 branches of the dungeon, and saw 26 of its levels.

You collected 2855 gold pieces.
You spent 300 gold pieces at shops.

Inventory:

Hand Weapons
 D - a +1 battleaxe of flaming (weapon)
 I - a +3 broad axe of flaming
 R - the +2 executioner's axe "Muigh" {drain, +Fly rF+ MR+ Str-2}
   (Okawaru gifted it to you on level 6 of the Lair of Beasts)

   A truly terrible weapon, it drains the life of those it strikes.
   It affects your strength (-2).
   It protects you from fire.
   It affects your resistance to hostile enchantments.
   It lets you fly.
Missiles
 v - 15 large rocks (quivered)
Armour
 a - a +2 plate armour of cold resistance (worn)
 H - a +2 pair of gloves (worn)
 J - a +0 hat (worn)
 V - a +0 cloak (worn)
Jewellery
 y - a +5 amulet of reflection (around neck)
 B - a +5 ring of strength (left hand)
 F - an uncursed amulet of guardian spirit
 K - an uncursed amulet of rage
 P - a ring of flight (right hand)
Wands
 d - a wand of iceblast (2/15)
 A - a wand of disintegration (7/24)
 E - a wand of enslavement (11/24)
 L - a wand of lightning (7/15)
 Q - a wand of acid (5/15)
 X - a wand of polymorph (3/24)
 Y - a wand of hasting (2/9)
Scrolls
 b - 7 scrolls of enchant armour
 c - a scroll of holy word
 g - 11 scrolls of remove curse
 i - 3 scrolls of fog
 k - a scroll of brand weapon
 n - 2 scrolls of teleportation
 p - 3 scrolls of blinking
 r - 3 scrolls of fear
 t - 4 scrolls of enchant weapon
 w - 5 scrolls of magic mapping
 x - a scroll of summoning
 G - 3 scrolls of amnesia
 N - 2 scrolls of recharging
 S - 9 scrolls of identify
Potions
 h - 5 potions of lignification
 j - 3 potions of agility
 m - 3 potions of haste
 o - a potion of ambrosia
 q - a potion of cure mutation
 s - 3 potions of brilliance
 z - a potion of resistance
 C - a potion of cancellation
 M - 11 potions of curing
 U - 2 potions of flight
Books
 e - Roxanne's Collected Works on the Mountains
   (You took it off Roxanne on level 15 of the Dungeon)

   Spells                             Type                      Level
   a - Sandblast                      Earth                        1
   b - Passwall                       Transmutation/Earth          2
   c - Petrify                        Transmutation/Earth          4
   d - Lee's Rapid Deconstruction     Earth                        5
   e - Statue Form                    Transmutation/Earth          6
 u - a book of Power

   Spells                             Type                      Level
   a - Fulminant Prism                Conjuration/Hexes            4
   b - Iskenderun's Mystic Blast      Conjuration                  4
   c - Venom Bolt                     Conjuration/Poison           5
   d - Bolt of Magma                  Conjuration/Fire/Earth       5
   e - Iron Shot                      Conjuration/Earth            6
   f - Orb of Destruction             Conjuration                  7
   g - Spellforged Servitor           Conjuration/Summoning        7
Comestibles
 f - 8 bread rations
 l - 6 meat rations


   Skills:
 + Level 16.4 Fighting
 + Level 22.7 Axes
 * Level 7.7 Throwing
 + Level 16.0 Armour
 + Level 3.9 Dodging
   Level 3.6 Shields
 + Level 1.4 Invocations
 + Level 1.0 Evocations


You had 15 spell levels left.
You didn't know any spells.

Dungeon Overview and Level Annotations

Branches:
Dungeon (15/15)            Temple (1/1) D:7            Lair (6/6) D:8
 Shoals (0/4) Lair:2        Snake (2/4) Lair:4        Slime (0/5) Lair:6
    Orc (2/2) D:9             Elf (0/3) Orc:2        Vaults (0/5) D:14
 Depths (0/5) D:15

Altars:
Ashenzari
Cheibriados
Dithmenos
Elyvilon
Fedhas
Gozag
Hepliaklqana
Kikubaaqudgha
Makhleb
Nemelex Xobeh
Okawaru
Qazlal
Ru
Sif Muna
Trog
Uskayaw
Xom
Yredelemnul
Zin
The Shining One
Jiyva

Shops:
D:6 *   D:13 %   Orc:2 }}?}   Snake:1 (

Portals:
Hell: Lair:6

Annotations:
Lair:6 1 runed door


Innate Abilities, Weirdness & Mutations

You reflexively headbutt those who attack you in melee.
You have a pair of horns on your head.


Message History

The hell hound barks!
Blink to where?
Press: ? - help, Dir - move target cursor
Okay, then.
You slash the fire elemental!
The fire elemental is heavily damaged.
The fire elemental barely misses you.
A black mamba comes into view.
Unknown command.
The black mamba hisses angrily.
You slash the fire elemental!
The fire elemental is severely damaged.
The fire elemental hits you. The fire elemental burns you!
* * * LOW HITPOINT WARNING * * *
Unknown command.
You closely miss the fire elemental.
The fire elemental is severely damaged.
The hell hound breathes flames at you. The blast of flame hits you!
You die...

.... ..... .... ..((. #..
.... .....#### ##.........
....S§§.#######..........
.........................
......h§.........>.......
#.......E................
##....@................
########..............
#..............
...##########)............
............(.............
......................§E..
......(.....(.............
......(...................
########.....(...........#


You could see a black mamba, a fire elemental and a hell hound.

Vanquished Creatures
  Vashnia (Snake:2)
  Rupert (D:15)
  Agnes (D:15)
  Roxanne (D:15)
  Aizul (Snake:1)
  Snorg (Orc:1)
  Josephine (Orc:1)
  Harold (Lair:2)
  9 hydras
  2 ice dragons (D:15)
  10 naga warriors
  6 centaur warriors
  A death knight (D:14)
  5 anacondas
  2 dancing weapons (D:14)
  A catoblepas (D:13)
  A hell beast (Lair:6)
  2 ogre magi (Orc:2)
  4 death yaks
  8 naga sharpshooters (Snake:2)
  The ghost of Doomgape the Grappler, a journeyman VSMo of Cheibriados (D:10)
  6 shock serpents
  Urug (Lair:4)
  Nergalle (Orc:1)
  5 skeletal warriors (D:12)
  A salamander mystic (Snake:1)
  A deep troll (Orc:2)
  2 unseen horrors
  An iron troll (Orc:2)
  A naga ritualist (Snake:1)
  2 wizards
  A deep elf mage (D:15)
  10 hill giants
  A phantasmal warrior (D:14)
  An orc knight (Orc:2)
  4 mana vipers
  4 cyclopes
  A salamander (Snake:2)
  A centaur zombie (D:15)
  A manticore (D:12)
  2 ugly things
  Maurice (D:10)
  3 naga magi
  3 orange demons (Lair:6)
  5 spiny frogs
  16 black mambas
  A molten gargoyle (D:12)
  A torpor snail (Lair:3)
  3 guardian serpents
  6 centaur skeletons
  2 gargoyles
  5 komodo dragons
  6 rime drakes
  A hellwing (Lair:6)
  A freezing wraith (D:14)
  4 red devils (Lair:6)
  9 trolls
  An ice devil (Lair:6)
  3 polar bears
  9 two-headed ogres
  6 dream sheep (Lair:6)
  2 hornets (D:12)
  8 slime creatures (D:14)
  18 blink frogs
  11 hippogriffs
  6 shadows
  A spriggan (Lair:5)
  10 wraiths
  27 yaks
  A fire elemental (D:12)
  4 wyverns
  5 basilisks
  3 hungry ghosts
  5 vampire mosquitoes (D:14)
  A mottled dragon (D:13)
  21 nagas
  3 soldier ants
  5 wargs
  9 water moccasins
  A hell hound (Lair:6)
  10 porcupines
  3 sky beasts
  25 orc warriors
  5 ice beasts
  A phantom (D:6)
  A necrophage (D:15)
  A black bear (Lair:5)
  25 ogres
  8 wolves
  24 centaurs
  6 big kobolds
  15 crocodiles
  8 bullfrogs
  6 scorpions
  A water moccasin skeleton (D:11)
  5 killer bees (D:11)
  24 wights
  An electric eel (D:12)
  6 howler monkeys
  7 crimson imps
  2 bullfrog zombies
  A quasit (D:8)
  2 jellies
  A bullfrog skeleton (D:13)
  17 orc priests
  12 hounds
  6 iguanas
  40 orc wizards
  12 worker ants
  A killer bee zombie (D:7)
  3 hound skeletons
  A worker ant zombie (D:7)
  11 gnolls
  7 adders
  4 river rats (D:8)
  3 shadow imps
  2 oozes
  4 worms
  2 dart slugs (D:1)
  8 leopard geckos
  97 orcs
  4 giant cockroaches
  11 goblins
  6 hobgoblins
  7 jackals
  39 kobolds
  3 quokkas
  2 ball pythons
  12 bats
  10 frilled lizards
  A jackal skeleton (D:7)
  6 rats
  2 fungi
  A plant (Lair:5)
856 creatures vanquished.

Vanquished Creatures (others)
  A naga sharpshooter (Snake:2)
  A centaur (D:7)
  A goblin (D:2)
  8 fungi
  6 plants (Lair:6)
17 creatures vanquished.

Grand Total: 873 creatures vanquished

Notes
Turn   | Place    | Note
-------+----------+-------------------------------------------
     0 | D:1      | ghjk the Minotaur Fighter began the quest for the Orb.
     0 | D:1      | Reached XP level 1. HP: 19/19 MP: 0/0
   174 | D:1      | Reached XP level 2. HP: 26/27 MP: 1/1
   234 | D:1      | Reached skill level 3 in Axes
   340 | D:1      | Reached XP level 3. HP: 33/33 MP: 2/2
   445 | D:1      | You fall through a shaft!
   775 | D:2      | Found a white marble altar of Elyvilon.
   921 | D:2      | Reached XP level 4. HP: 31/40 MP: 3/3
   929 | D:2      | Reached skill level 4 in Axes
  1513 | D:3      | Reached skill level 5 in Axes
  1579 | D:3      | Reached XP level 5. HP: 46/46 MP: 4/4
  1970 | D:4      | Found a hide-covered altar of Uskayaw.
  2037 | D:4      | Reached skill level 5 in Armour
  2245 | D:4      | Reached skill level 6 in Axes
  2250 | D:4      | Reached XP level 6. HP: 46/52 MP: 5/5
  2553 | D:4      | Found a shimmering altar of Xom.
  2845 | D:5      | Entered Level 5 of the Dungeon
  3001 | D:5      | Reached skill level 7 in Axes
  3001 | D:5      | Reached skill level 1 in Dodging
  3207 | D:5      | Noticed a sky beast
  3212 | D:5      | Killed a sky beast
  3212 | D:5      | Reached skill level 8 in Axes
  3212 | D:5      | Reached XP level 7. HP: 53/60 MP: 6/6
  3549 | D:5      | Reached skill level 5 in Fighting
  4029 | D:6      | Reached skill level 9 in Axes
  4119 | D:6      | Found Ciphea's Elemental Accessories.
  4125 | D:6      | Reached XP level 8. HP: 69/69 MP: 7/7
  4592 | D:7      | Reached skill level 10 in Axes
  4676 | D:7      | Found an opulent altar of Gozag.
  4939 | D:7      | Reached skill level 11 in Axes
  4999 | D:7      | Found a staircase to the Ecumenical Temple.
  5094 | D:7      | Found an opulent altar of Gozag.
  5428 | D:7      | Reached XP level 9. HP: 71/75 MP: 8/8
  5617 | Temple   | Entered the Ecumenical Temple
  5760 | Temple   | Became a worshipper of Warmaster Okawaru
  5860 | D:8      | Identified a scroll of acquirement
  5928 | D:8      | Reached skill level 12 in Axes
  6213 | D:8      | Found a staircase to the Lair.
  6220 | D:8      | Reached * piety under Okawaru
  6357 | D:8      | Reached skill level 13 in Axes
  6646 | Lair:1   | Entered Level 1 of the Lair of Beasts
  6734 | Lair:1   | Reached ** piety under Okawaru
  6734 | Lair:1   | Reached XP level 10. HP: 86/86 MP: 9/9
  6953 | Lair:1   | Noticed a spiny frog
  6962 | Lair:1   | Killed a spiny frog
  7073 | Lair:1   | Reached skill level 14 in Axes
  7793 | Lair:2   | Noticed Harold
  7809 | Lair:2   | Killed Harold
  7809 | Lair:2   | Reached *** piety under Okawaru
  7893 | Lair:2   | Noticed a spiny frog
  7901 | Lair:2   | Killed a spiny frog
  7901 | Lair:2   | Reached skill level 15 in Axes
  8265 | Lair:2   | Reached **** piety under Okawaru
  8472 | Lair:2   | Found a staircase to the Shoals.
  8617 | Lair:3   | Noticed an eight-headed hydra
  8631 | Lair:3   | Killed a six-headed hydra
  8632 | Lair:3   | Reached XP level 11. HP: 56/95 MP: 10/10
  8856 | Lair:3   | Noticed a seven-headed hydra
  8864 | Lair:3   | Killed a five-headed hydra
  8864 | Lair:3   | Reached skill level 16 in Axes
  9035 | Lair:3   | Reached ***** piety under Okawaru
 10053 | Lair:4   | Received a gift from Okawaru
 10100 | Lair:4   | Found a staircase to the Snake Pit.
 10108 | Lair:4   | Noticed Urug
 10143 | Lair:4   | Killed Urug
 10143 | Lair:4   | Reached skill level 17 in Axes
 10331 | Lair:4   | Noticed a six-headed hydra
 10344 | Lair:4   | Killed a three-headed hydra
 10594 | Lair:4   | Reached skill level 10 in Armour
 10774 | Lair:4   | Received a gift from Okawaru
 11308 | Lair:5   | Reached skill level 10 in Fighting
 11313 | Lair:5   | Noticed a seven-headed hydra
 11320 | Lair:5   | Killed a four-headed hydra
 11320 | Lair:5   | Reached XP level 12. HP: 71/106 MP: 11/11
 11498 | Lair:5   | You fall through a shaft!
 11498 | Lair:6   | Entered Level 6 of the Lair of Beasts
 11610 | Lair:6   | Noticed a five-headed hydra
 11615 | Lair:6   | Killed a three-headed hydra
 11615 | Lair:6   | Reached skill level 18 in Axes
 11837 | Lair:6   | Found a burning altar of Makhleb.
 11929 | Lair:6   | Reached ****** piety under Okawaru
 11943 | Lair:6   | Received a gift from Okawaru
 11950 | Lair:6   | Noticed a six-headed hydra
 11953 | Lair:6   | Killed a four-headed hydra
 11972 | Lair:6   | Got a jewelled executioner's axe {god gift}
 12212 | Lair:6   | Identified the +2 executioner's axe "Muigh" {drain, +Fly rF+ MR+ Str-2} (Okawaru gifted it to you on level 6 of the Lair of Beasts)
 12237 | Lair:6   | Noticed a hell beast
 12244 | Lair:6   | Killed a hell beast
 12276 | Lair:6   | Noticed an eight-headed hydra
 12283 | Lair:6   | Killed a five-headed hydra
 12350 | Lair:6   | Reached skill level 19 in Axes
 13033 | Lair:6   | Received a gift from Okawaru
 13175 | Lair:6   | Found a runed door.
 13179 | Lair:6   | Found a viscous altar of Jiyva.
 13180 | Lair:6   | Found a staircase to the Slime Pits.
 13180 | Lair:6   | Noticed an azure jelly
 13180 | Lair:6   | Noticed an azure jelly
 13448 | Lair:6   | Reached XP level 13. HP: 61/116 MP: 12/12
 13670 | Lair:6   | Found a gateway to Hell.
 14253 | Lair:5   | Received a gift from Okawaru
 15286 | D:9      | Found a hazy altar of Hepliaklqana.
 15374 | D:9      | Found a staircase to the Orcish Mines.
 15495 | D:10     | Entered Level 10 of the Dungeon
 15823 | D:10     | Noticed Doomgape's ghost (journeyman VSMo)
 15851 | D:10     | Killed Doomgape's ghost
 15998 | D:10     | Reached skill level 20 in Axes
 16053 | D:10     | Found a hazy altar of Hepliaklqana.
 16081 | D:10     | Noticed Maurice
 16094 | D:10     | Killed Maurice
 17602 | D:12     | Received a gift from Okawaru
 17602 | D:12     | Reached XP level 14. HP: 94/127 MP: 13/13
 18498 | D:12     | Reached skill level 1 in Throwing
 18961 | D:13     | Reached skill level 21 in Axes
 19131 | D:13     | Found Irawnick's Food Shoppe.
 19996 | D:14     | Received a gift from Okawaru
 20017 | D:14     | Found a gate to the Vaults.
 20993 | D:15     | Entered Level 15 of the Dungeon
 21109 | D:15     | Found a staircase to the Depths.
 21262 | D:15     | Noticed Roxanne
 21277 | D:15     | Killed Roxanne
 21279 | D:15     | Identified Roxanne's Collected Works on the Mountains (You took it off Roxanne on level 15 of the Dungeon)
 21313 | D:15     | Reached XP level 15. HP: 138/138 MP: 14/14
 21315 | D:15     | Noticed Rupert
 21319 | D:15     | Killed Rupert
 21650 | D:15     | Found a frozen archway.
 21655 | D:15     | Received a gift from Okawaru
 21745 | D:15     | Noticed Agnes
 21763 | D:15     | Killed Agnes
 21773 | D:15     | Reached skill level 5 in Throwing
 22353 | Orc:1    | Entered Level 1 of the Orcish Mines
 22533 | Orc:1    | Noticed Josephine
 22534 | Orc:1    | Noticed Nergalle
 22542 | Orc:1    | Killed Josephine
 22548 | Orc:1    | Killed Nergalle
 22548 | Orc:1    | Reached skill level 1 in Evocations
 22721 | Orc:1    | Noticed Snorg
 22728 | Orc:1    | Killed Snorg
 22946 | Orc:2    | Entered Level 2 of the Orcish Mines
 22967 | Orc:2    | Found a staircase to the Elven Halls.
 22976 | Orc:2    | Reached skill level 22 in Axes
 23288 | Orc:2    | Reached skill level 15 in Fighting
 23710 | Orc:2    | Received a gift from Okawaru
 23932 | Orc:2    | Found Ariulum's Gadget Shoppe.
 23937 | Orc:2    | Found Poleipt's Gadget Shoppe.
 23966 | Orc:2    | Found Orchout's Magic Scroll Shop.
 23971 | Orc:2    | Found Xaniv's Gadget Emporium.
 23974 | Orc:2    | Bought a scroll of brand weapon for 300 gold pieces
 24122 | Orc:2    | Received a gift from Okawaru
 24695 | Snake:1  | Entered Level 1 of the Snake Pit
 24923 | Snake:1  | Received a gift from Okawaru
 25496 | Snake:1  | Noticed Aizul
 25504 | Snake:1  | Killed Aizul
 25504 | Snake:1  | Reached skill level 15 in Armour
 25514 | Snake:1  | Received a gift from Okawaru
 25894 | Snake:1  | Received a gift from Okawaru
 26439 | Snake:1  | Found Dairuack's Weapon Emporium.
 27423 | Snake:1  | Reached XP level 16. HP: 137/151 MP: 10/15
 28566 | Snake:2  | Noticed Vashnia
 29257 | Snake:2  | Killed Vashnia
 29264 | Snake:2  | HP: 3/151 [naga sharpshooter/bolt[Vashnia] (17)]
 29272 | Snake:1  | HP: 2/151 [poisoned by Vashnia (splash of poison)]
 30020 | Snake:2  | Received a gift from Okawaru
 30089 | Snake:2  | Reached skill level 1 in Invocations
 30639 | Snake:2  | Killed from afar by a hell hound

Skill      XL: |  1  2  3  4  5  6  7  8  9 10 11 12 13 14 15 16 |
---------------+-------------------------------------------------+-----
Armour         | 4 5 6 7 8 10 12 13 14 15 16 | 16.0
Fighting       | 4 5 6 7 8 10 11 12 14 15 16 | 16.4
Axes           | 3 5 6 8 9 11 13 15 17 19 20 21 22 | 22.7
Dodging        | 1 2 3 |  3.9
Throwing       | 4 6 7 |  7.7
Evocations     | 1 |  1.0
Invocations    | 1 |  1.4
Shields        | |  3.6

Action                   |  1- 3 |  4- 6 |  7- 9 | 10-12 | 13-15 | 16-18 || total
-------------------------+-------+-------+-------+-------+-------+-------++-------
Melee: War axe           |    96 |   165 |   179 |       |       |       ||   440
       Headbutt          |    10 |    26 |    37 |    78 |   288 |    43 ||   482
       Broad axe         |       |       |    80 |   371 |   441 |       ||   892
       Battleaxe         |       |       |       |    10 |   764 |   166 ||   940
Invok: Finesse           |       |       |       |       |       |     2 ||     2
Evoke: Wand              |       |       |       |       |     4 |       ||     4
  Use: Scroll            |       |    12 |    12 |     4 |     7 |     2 ||    37
       Potion            |       |       |       |     6 |     4 |     1 ||    11
  Eat: Chunk             |       |     6 |     6 |     5 |     6 |       ||    23
       Pizza             |       |     1 |       |     2 |     1 |       ||     4
       Fruit             |       |       |     2 |    12 |    11 |       ||    25
       Beef jerky        |       |       |     2 |     5 |     2 |       ||     9
       Bread ration      |       |       |       |       |     3 |     2 ||     5
       Meat ration       |       |       |       |       |     2 |       ||     2
       Royal jelly       |       |       |       |       |     1 |       ||     1
Armor: Scale mail        |    29 |    66 |    12 |       |       |       ||   107
       Plate armour      |       |       |    92 |   123 |   500 |    76 ||   791
Dodge: Dodged            |    34 |    37 |    59 |    74 |   363 |    42 ||   609
Block: Shield            |    66 |    61 |   164 |   190 |       |       ||   481
       Reflection        |       |       |    12 |     1 |    26 |     9 ||    48
       Other             |       |       |       |    10 |   211 |    37 ||   258
